 Dungeon Crawl Stone Soup version 0.28.0-43-g3370ac3207 (webtiles) character file.

Game seed: 10448905626921818702

212 Jerry the Chucker (level 5, -1/48 HPs)
             Began as a Troll Hunter on Mar 21, 2022.
             Slain by a kobold brigand
             ... wielding a +0 short sword
              (6 damage)
             ... in a sewer.
             The game lasted 00:08:43 (1932 turns).

Jerry the Chucker (Troll Hunter)                    Turns: 1932, Time: 00:08:44

Health: -1/48      AC:  4    Str: 20    XL:     5   Next: 58%
Magic:  4/4        EV: 10    Int:  7    God:
Gold:   102        SH:  0    Dex: 12    Spells: 4/4 levels left

rFire   . . .      SeeInvis .   e - +0 club
rCold   . . .      Faith    .   (no shield)
rNeg    . . .      Spirit   .   b - +0 robe
rPois   .          Reflect  .   (helmet restricted)
rElec   .          Harm     .   (no cloak)
rCorr   .          Rampage  .   (gloves unavailable)
Will    .....                   (boots unavailable)
Stlth   +.........              (no amulet)
HPRegen 0.96/turn               (no ring)
MPRegen 0.09/turn               (no ring)

@: no status effects
A: large, unfitting armour, claws 3, regeneration 1, shaggy fur 1, tough skin 1
a: no special abilities


You were in a sewer.
You visited 1 branch of the dungeon, and saw 3 of its levels.
You also visited: Sewer.

You collected 102 gold pieces.

Inventory:

Hand Weapons
 a - a +0 short sword
 e - a +0 club (weapon)
Missiles
 c - 5 large rocks (quivered)
 d - 2 throwing nets
Armour
 b - a +0 robe (worn)
Scrolls
 f - 3 scrolls of identify {unknown}
 g - a scroll of blinking {unknown}
 h - 2 scrolls of enchant armour {unknown}
 i - a scroll of torment {unknown}
 l - a scroll of fog {unknown}
Potions
 j - a potion of curing {unknown}
 k - a potion of might {unknown}


   Skills:
 - Level 1.5 Fighting
 * Level 3.0 Maces & Flails
 + Level 4.5 Throwing
 + Level 2.9 Dodging
 - Level 0.3 Stealth


You had 4 spell levels left.
You didn't know any spells.
Your spell library contained the following spells:

 Spells                   Type           Power      Damage    Failure   Level
 Apportation              Tloc           0%         N/A       43%         1
 Alistair's Intoxication  Tmut/Pois      0%         N/A       100%        5


Dungeon Overview and Level Annotations

Branches:
Dungeon (3/15)              Sewer (1/1)

Altars:

Shops:
D:1 *


Innate Abilities, Weirdness & Mutations

You are too large for most types of armour.
You have claws for hands.
Your natural rate of healing is unusually fast.
You are covered in fur. (AC +1)
You have tough skin. (AC +1)


Message History

The kobold brigand splashes around in the water.
You closely miss the kobold brigand.
The kobold brigand is moderately wounded.
The kobold brigand splashes around in the water.
You hit the kobold brigand.
The kobold brigand is heavily wounded.
The kobold brigand splashes around in the water.
You closely miss the kobold brigand.
The kobold brigand is heavily wounded.
The kobold brigand closely misses you.
You hit the kobold brigand but do no damage.
The kobold brigand is heavily wounded.
The kobold brigand misses you.
The kobold brigand hits you but does no damage.
You hit the kobold brigand but do no damage.
The kobold brigand is moderately wounded.
The kobold brigand hits you with a +0 short sword!
You hit the kobold brigand.
The kobold brigand is heavily wounded.
The kobold brigand hits you with a +0 short sword.
You closely miss the kobold brigand.
The kobold brigand is heavily wounded.
The kobold brigand hits you with a +0 short sword.
* * * LOW HITPOINT WARNING * * *
You closely miss the kobold brigand.
The kobold brigand is heavily wounded.
The kobold brigand hits you with a +0 short sword.
* * * LOW HITPOINT WARNING * * *
You hit the kobold brigand.
The kobold brigand is heavily wounded.
The kobold brigand hits you with a +0 short sword.
* * * LOW HITPOINT WARNING * * *
You closely miss the kobold brigand.
The kobold brigand is heavily wounded.
The kobold brigand hits you with a +0 short sword.
* * * LOW HITPOINT WARNING * * *
You barely miss the kobold brigand.
The kobold brigand is heavily wounded.
The kobold brigand hits you with a +0 short sword.
You die...

≈.≈.≈≈.≈≈≈≈..##
≈≈.≈#####≈.≈≈≈#
...# ##.≈≈.# ≈#
##≈≈.# #...#
#≈..# ##.≈≈##
#...≈≈# #.###@#
#≈# #K# #≈# #≈#
≈≈≈ ≈≈≈ ≈#≈ ≈#≈
#≈ ≈#≈ ≈# #≈
≈#≈ ≈# #. .#


You could see a kobold brigand.

Vanquished Creatures
  Sigmund (D:2)
  An adder (D:2)
  2 dart slugs
  2 orcs (D:2)
  4 bats (D:1)
  4 endoplasms
  2 giant cockroaches (D:1)
  3 goblins
  6 hobgoblins
  2 jackals (D:2)
  4 kobolds (D:1)
  3 quokkas (D:1)
  2 ball pythons
  6 frilled lizards
  3 rats
45 creatures vanquished.

Vanquished Creatures (others)
  4 plants (D:1)
4 creatures vanquished.

Grand Total: 49 creatures vanquished

Notes
Turn   | Place    | Note
-------+----------+-------------------------------------------
     0 | D:1      | Jerry the Troll Hunter began the quest for the Orb.
     0 | D:1      | Reached XP level 1. HP: 19/19 MP: 0/0
   137 | D:1      | Reached XP level 2. HP: 12/27 MP: 1/1
   180 | D:1      | Found Zoad's Assorted Antiques.
   388 | D:1      | Reached skill level 4 in Throwing
   404 | D:1      | Reached skill level 1 in Maces & Flails
   430 | D:1      | Reached XP level 3. HP: 33/33 MP: 2/2
  1003 | D:2      | Noticed Sigmund
  1008 | D:2      | Killed Sigmund
  1009 | D:2      | Reached XP level 4. HP: 38/41 MP: 3/3
  1009 | D:2      | Reached XP level 5. HP: 44/48 MP: 4/4
  1766 | D:3      | Found a faded altar of an unknown god.
  1859 | D:3      | Found a glowing drain.
  1873 | Sewer    | Entered a sewer
  1932 | Sewer    | Slain by a kobold brigand

Illustrated notes

Levels and vault maps discovered:
D:1:      sevenhm_arrival_forest_fort_small_5, layout_loops_ring, serial_shops,
          nicolae_shop_overgrown_old_shop
D:2:      layout_loops_ring, uniq_sigmund
D:3:      layout_loops_ring, cheibrodos_sewer_entry_drain, serial_shops,
          nicolae_shop_hallway_plus, hellmonk_ecumenical_altar_zigzags,
          uniq_ijyb
Sewer:    sewer_co_tree

Skill      XL: |  1  2  3  4  5 |
---------------+----------------+-----
Dodging        | 2 |  2.9
Throwing       | 4 |  4.5
Maces & Flails | 1 2 3 |  3.0
Fighting       | |  1.5
Stealth        | |  0.3

Action                   |  1- 3 |  4- 6 || total
-------------------------+-------+-------++-------
Melee: Short sword       |    36 |       ||    36
       Punch             |     1 |     3 ||     4
       Club              |   128 |    83 ||   211
Throw: Large rock        |     5 |       ||     5
 Stab: Sleeping          |     2 |       ||     2
Armor: Robe              |    88 |    22 ||   110
Dodge: Dodged            |   116 |    46 ||   162
